 Dungeon Crawl Stone Soup version 0.29.1-1-gd02db6906a (webtiles) character file.

Game seed: 6193850503077386168

12690 raistware the Destroyer (level 11, 0/67 HPs)
             Began as an Octopode Conjurer on Sept 16, 2022.
             Was a Believer of Vehumet.
             Succumbed to a black mamba's poison
             ... on level 2 of the Lair of Beasts.
             The game lasted 00:41:17 (15356 turns).

raistware the Destroyer (Octopode Conjurer)        Turns: 15356, Time: 00:41:18

Health: 0/67       AC:  5    Str: 14    XL:     11   Next: 97%
Magic:  6/25       EV: 14    Int: 30    God:    Vehumet [**....]
Gold:   649        SH:  0    Dex: 10    Spells: 16/31 levels left

rFire   . . .      SeeInvis .   a - +0 spear (flame)
rCold   + . .      Faith    .   (no shield)
rNeg    . . .      Spirit   .   (helmet restricted)
rPois   +          Reflect  .   (no amulet)
rElec   .          Harm     .   i - +6 ring of intelligence
rCorr   .          Rampage  .   j - +4 ring of protection
Will    .....                   o - +6 ring of strength
Stlth   ++........              r - ring of poison resistance
HPRegen 0.21/turn               s - ring of protection from cold
MPRegen 0.19/turn               K - ring of wizardry
                                (no ring)
                                (no ring)

@: confused, lethally poisoned (0 -> -20), ambrosia-drunk
A: almost no armour, amphibious, 8 rings, camouflage 1, gelatinous body 1,
(nimble swimmer 1), tentacles
a: Renounce Religion


You were on level 2 of the Lair of Beasts.
You worshipped Vehumet.
Vehumet was pleased with you.
You visited 3 branches of the dungeon, and saw 11 of its levels.

You collected 650 gold pieces.
You spent 1 gold pieces at shops.

Inventory:

Hand Weapons
 a - a +0 spear of flaming (weapon)
 b - a -3 triple crossbow
Missiles
 q - 13 poisoned darts
 J - 2 javelins
Jewellery
 i - a +6 ring of intelligence (left tentacle)
 j - a +4 ring of protection (right tentacle)
 o - a +6 ring of strength (on tentacle)
 r - a ring of poison resistance (on tentacle)
 s - a ring of protection from cold (on tentacle)
 u - a ring of ice
 F - a ring of flight
 K - a ring of wizardry (on tentacle)
Wands
 c - a wand of flame (2)
 L - a wand of digging (5)
Scrolls
 d - 2 scrolls of fog
 e - 4 scrolls of teleportation
 f - 4 scrolls of torment
 g - 2 scrolls of blinking
 l - a scroll of immolation
 m - 3 scrolls of amnesia
 y - 3 scrolls of noise
 C - 3 scrolls of poison
 D - 2 scrolls of vulnerability
 H - 2 scrolls of enchant weapon {unknown}
 M - a scroll of brand weapon {unknown}
Potions
 h - a potion of mutation
 k - 4 potions of degeneration {unknown}
 n - 3 potions of ambrosia
 p - 2 potions of attraction
 t - a potion of lignification {unknown}
 v - 4 potions of invisibility
 x - a potion of resistance
 z - a potion of magic
 A - a potion of flight {unknown}
 B - a potion of might {unknown}
 E - a potion of haste {unknown}
 I - 2 potions of curing {unknown}


   Skills:
 - Level 3.0 Fighting
 - Level 5.0 Dodging
 - Level 3.0 Stealth
 + Level 10.9 Spellcasting
 + Level 11.1 Conjurations
 - Level 2.0 Translocations
 - Level 8.0 Earth Magic
 - Level 4.0 Evocations


You had 16 spell levels left.
You knew the following spells:

 Your Spells              Type           Power      Damage    Failure   Level
a - Magic Dart            Conj           100%       1d8       1%          1
b - Iskenderun's Mystic   Conj/Tloc      54%        2d12      1%          4
c - Olgreb's Toxic Radia  Pois           16%        N/A       13%         4
d - Iron Shot             Conj/Erth      32%        9d7       4%          6

Your spell library contained the following spells:

 Spells                   Type           Power      Damage    Failure   Level
 Scorch                   Fire           32%        2d6       1%          2
 Beastly Appendage        Tmut           32%        N/A       1%          1
 Sting                    Tmut/Pois      64%        1d6       1%          1
 Poisonous Vapours        Pois/Air       32%        N/A       1%          2
 Searing Ray              Conj           100%       2d8       1%          2
 Static Discharge         Conj/Air       49%        3-10/arc  1%          2
 Wereblood                Tmut           16%        N/A       1%          2
 Dazzling Flash           Conj/Hex       98%        N/A       1%          3
 Fulminant Prism          Conj/Hex       24%        3d13      1%          4
 Sticky Flame             Conj/Fire      49%        2d7       1%          4
 Inner Flame              Hex/Fire       16%        N/A       4%          3
 Spider Form              Tmut/Pois      16%        N/A       4%          3
 Cause Fear               Hex            8%         N/A       13%         4
 Dispel Undead            Necr           16%        3d10      13%         4
 Blade Hands              Tmut           8%         N/A       32%         5
 Borgnjor's Revivificati  Necr           8%         N/A       100%        8
 Discord                  Hex            8%         N/A       100%        8
 Necromutation            Tmut/Necr      8%         N/A       100%        8
 Death's Door             Necr           8%         N/A       100%        9
 Animate Armour           Summ/Erth      Unusable   N/A       N/A         4

Dungeon Overview and Level Annotations

Branches:
Dungeon (8/15)             Temple (1/1) D:5            Lair (2/5) D:8
  Swamp: Lair:2-3    Shoals: Lair:2-3     Snake: Lair:2-3    Spider: Lair:2-3

Altars:
Ashenzari
Cheibriados
Dithmenos
Elyvilon
Fedhas
Gozag
Hepliaklqana
Kikubaaqudgha
Makhleb
Nemelex Xobeh
Okawaru
Qazlal
Ru
Sif Muna
Trog
Uskayaw
Vehumet
Wu Jian
Xom
Yredelemnul
The Shining One

Shops:
D:7 *

Annotations:
D:8 exclusion: centaur warrior


Innate Abilities, Weirdness & Mutations

You cannot wear most types of armour.
You are amphibious.
You can wear up to eight rings at the same time.
Your skin changes colour to match your surroundings (Stealth+).
Your rubbery body absorbs attacks. (AC +1, EV +1)
((You are camouflaged when in or above water. (Stealth+)))
You have tentacles for arms and can constrict up to eight enemies at once.


Message History

The black mamba bites you! The black mamba completely misses you.
You closely miss the black mamba. Your grab misses the black mamba.
The black mamba is severely wounded.
The black mamba bites you!
You are poisoned.
The black mamba poisons you! The wolf bites you!
The black mamba bites you but does no damage.
Casting: Iskenderun's Mystic Blast (dangerous; 1% risk of failure)
Confirm with . or Enter, or press ? or * to list all spells.
You erupt in a blast of force!
The mystic blast hits the black mamba!
The black mamba is almost dead.
The black mamba is knocked back by the mystic blast.
The mystic blast hits the wolf!
You kill the wolf!
Vehumet accepts your kill.
You feel very sick.
Unknown command.
Okay, then.
You feel much better.
You feel very sick. The black mamba closely misses you.
The black mamba bites you!
Aiming: Throw Flame
Press: ? - help, Shift-Dir - straight line, f - black mamba
Aim: a black mamba (almost dead, 53% to hit)
The puff of flame misses the black mamba.
You feel very sick. The black mamba bites you!
* * * LOW HITPOINT WARNING * * *
You are lethally poisoned!
The black mamba poisons you! The black mamba bites you!
* * * LOW HITPOINT WARNING * * *
Unknown command.
Okay, then.
As you read the scroll of fear, it crumbles to dust.
You assume a fearsome visage.
The black mamba looks frightened!
* * * LOW HITPOINT WARNING * * *
You feel very sick.
You are confused.
You feel invigorated.
You die...

....# ..... ......#
........#####
........†...
...........##
...........#
#.........###
#.......@.S.##
#............#
#P...............
##...............
...................
...................
...................
..^................
...................


You could see a black mamba (fleeing).

Vanquished Creatures
  A hydra (D:7)
  A manticore (D:7)
  2 ugly things (D:7)
  A gargoyle (D:6)
  9 cane toads
  A troll (D:7)
  A hornet (D:4)
  Grinder (D:3)
  Sigmund (D:6)
  9 yaks
  2 basilisks (Lair:1)
  5 wyverns
  A steam dragon (D:8)
  Menkaure (D:4)
  8 water moccasins
  2 ice beasts (D:6)
  An orc warrior (D:7)
  2 sky beasts (D:6)
  4 black bears
  3 ogres
  3 wolves (Lair:2)
  2 centaurs
  A kobold brigand (D:7)
  2 scorpions
  6 bullfrogs
  3 necrophages
  13 wights
  A killer bee (D:6)
  An electric eel (D:7)
  2 howler monkeys (D:5)
  4 jellies
  A lava snake (D:7)
  4 hounds
  A gnoll bouda (D:6)
  3 orc priests
  Jessica (D:2)
  7 iguanas
  An orc wizard (D:7)
  Natasha (thrice) (D:3)
  11 adders
  2 white imps
  2 ufetubi (D:6)
  3 worms
  3 dart slugs
  24 orcs
  11 bats
  7 endoplasms
  6 giant cockroaches
  17 goblins
  14 hobgoblins
  2 jackals (D:4)
  7 kobolds
  9 quokkas
  7 ball pythons
  4 rats
244 creatures vanquished.

Vanquished Creatures (others)
  4 fungi
  12 plants
16 creatures vanquished.

Grand Total: 260 creatures vanquished

Notes
Turn   | Place    | Note
-------+----------+-------------------------------------------
     0 | D:1      | raistware the Octopode Conjurer began the quest for the
                  | Orb.
     0 | D:1      | Reached XP level 1. HP: 11/11 MP: 3/3
   291 | D:1      | Reached XP level 2. HP: 15/17 MP: 1/5
   739 | D:1      | Reached XP level 3. HP: 21/21 MP: 4/7
   784 | D:1      | Found a faded altar of an unknown god.
  1546 | D:2      | Reached XP level 4. HP: 27/27 MP: 5/9
  1588 | D:2      | Learned a level 4 spell: Iskenderun's Mystic Blast
  1644 | D:2      | Noticed Jessica
  1647 | D:2      | Killed Jessica
  1648 | D:2      | Reached skill level 1 in Translocations
  2427 | D:3      | Noticed Grinder
  2439 | D:3      | Reached XP level 5. HP: 31/31 MP: 8/11
  3260 | D:3      | Found a burning altar of Makhleb.
  3260 | D:3      | Noticed a balrug
  3559 | D:3      | Reached XP level 6. HP: 36/36 MP: 7/12
  3696 | D:3      | Noticed Natasha
  3701 | D:3      | Killed Natasha
  3794 | D:3      | Found an ancient bone altar of Kikubaaqudgha.
  4067 | D:3      | Paralysed by Grinder for 2 turns
  4071 | D:3      | Paralysed by Grinder for 2 turns
  4551 | D:3      | Noticed Natasha
  4560 | D:3      | Killed Natasha
  4892 | D:3      | Noticed Natasha
  4897 | D:3      | Killed Natasha
  4898 | D:3      | Reached skill level 5 in Conjurations
  5043 | D:3      | Paralysed by Grinder for 4 turns
  5056 | D:3      | Paralysed by Grinder for 5 turns
  5061 | D:3      | Killed Grinder
  5062 | D:3      | Reached skill level 5 in Spellcasting
  5062 | D:3      | Reached XP level 7. HP: 9/41 MP: 2/15
  5317 | D:4      | Noticed a hornet
  5383 | D:4      | Noticed Menkaure
  5387 | D:4      | Killed Menkaure
  5399 | D:4      | Reached skill level 6 in Conjurations
  5672 | D:4      | Killed a hornet
  5673 | D:4      | Reached XP level 8. HP: 33/46 MP: 3/17
  5882 | D:4      | Reached skill level 1 in Evocations
  6014 | D:4      | Found an iron altar of Okawaru.
  6246 | D:4      | Reached skill level 1 in Fighting
  6457 | D:5      | Entered Level 5 of the Dungeon
  6476 | D:5      | Found a large runed translucent door.
  6476 | D:5      | Found a large runed translucent door.
  6657 | D:5      | Reached skill level 7 in Conjurations
  6723 | D:5      | Found a staircase to the Ecumenical Temple.
  6797 | Temple   | Entered the Ecumenical Temple
  7042 | Temple   | Became a worshipper of Vehumet
  7290 | D:5      | Found a stormy altar of Qazlal.
  7617 | D:5      | Found a shimmering blue altar of Sif Muna.
  7620 | D:5      | Found a broken altar of Ashenzari.
  7845 | D:6      | Noticed Sigmund
  7987 | D:6      | Reached XP level 9. HP: 54/54 MP: 15/20
  8142 | D:6      | Learned a level 4 spell: Olgreb's Toxic Radiance
  9055 | D:6      | Reached skill level 8 in Conjurations
  9367 | D:6      | Reached * piety under Vehumet
  9367 | D:6      | Offered knowledge of Foxfire by Vehumet.
  9712 | D:6      | Noticed a gargoyle
  9716 | D:6      | Killed a gargoyle
  9717 | D:6      | Reached skill level 9 in Conjurations
  9854 | D:6      | Learned a level 6 spell: Iron Shot
  9975 | D:6      | Killed Sigmund
 10078 | D:7      | Noticed a brown ugly thing
 10147 | D:7      | Reached XP level 10. HP: 40/60 MP: 14/23
 10151 | D:7      | Reached skill level 1 in Earth Magic
 10429 | D:7      | Noticed a cyan ugly thing
 10610 | D:7      | Noticed a manticore
 11005 | D:7      | Found Nonoyrgh's Lightly-Used Armoury.
 11010 | D:7      | Noticed an eight-headed hydra
 11021 | D:7      | Killed an eight-headed hydra
 11025 | D:7      | Bought a -3 triple crossbow for 1 gold piece
 11058 | D:7      | Killed a brown ugly thing
 11217 | D:7      | Found an ornate altar of the Wu Jian Council.
 11218 | D:7      | Found a shimmering altar of Xom.
 11661 | D:7      | Offered knowledge of Sandblast by Vehumet.
 11662 | D:7      | Reached skill level 5 in Dodging
 11727 | D:7      | Found a hide-covered altar of Uskayaw.
 12048 | D:7      | Killed a manticore
 12049 | D:7      | Reached skill level 10 in Conjurations
 12063 | D:7      | Identified the +1 leather armour "Rohos" {Int+4 Dex+4
                  | Stlth+}
 12197 | D:7      | Killed a cyan ugly thing
 12198 | D:7      | Reached skill level 10 in Spellcasting
 12327 | D:8      | Reached ** piety under Vehumet
 12333 | D:8      | Reached XP level 11. HP: 67/67 MP: 9/25
 12445 | D:8      | Noticed a centaur warrior
 12582 | D:8      | Reached skill level 5 in Earth Magic
 12584 | D:8      | Noticed a manticore
 13034 | D:8      | HP: 3/67 [yak (11)]
 13651 | D:8      | Found a staircase to the Lair.
 13695 | D:8      | Identified the +1 chain mail of Lust {+Inv rC++}
 13695 | D:8      | Noticed a tengu warrior
 13713 | Lair:1   | Entered Level 1 of the Lair of Beasts
 15114 | Lair:1   | Offered knowledge of Scorch by Vehumet.
 15328 | Lair:2   | Reached skill level 11 in Conjurations
 15355 | Lair:2   | HP: 2/67 [poisoned by a black mamba]
 15356 | Lair:2   | Succumbed to a black mamba's poison

Illustrated notes

Levels and vault maps discovered:
D:1:      tarquinn_simple_flora_water_f, layout_loops_ring,
          chequers_ecumenical_altar_island, hangedman_abyss_or_decor_stabs
D:2:      layout_loops_ring, uniq_jessica
D:3:      cheibrodos_greedy_goblins, layout_loops_ring,
          makhleb_altar_promises_db, mainiacjoe_overflow_catwalk,
          minmay_fountain_box, minivault_27, uniq_natasha, uniq_grinder
D:4:      cheibrodos_barr_body, layout_rooms, okawaru_metal_pillars_3,
          uniq_menkaure
D:5:      layout_basic, grunt_qazlal_sundering, jmf_multi_god_temple2,
          minmay_temple_entry_large_hall, portal_sewer_entry_d
D:6:      kennysheep_windowed_halls, layout_basic, uniq_sigmund
D:7:      layout_basic, nicolae_uskayaw_suspiria, nicolae_overflow_squiral,
          minmay_shop_damaged, wad_mini_maze
D:8:      minmay_the_grid_octo_triangle [minmay_the_grid_octo_teeth,
          minmay_the_grid_octo_prize_square_snowflake,
          minmay_the_grid_octo_vomiting_pacman], layout_loops_cross,
          zin_treasury, minmay_lair_entry_grove
Temple:   minmay_temple_bridge_abc
Lair:1:   layout_cave_pods
Lair:2:   layout_hall_layers, shoals_dummy_entry

Skill      XL: |  1  2  3  4  5  6  7  8  9 10 11 |
---------------+----------------------------------+-----
Spellcasting   | 3 4 5 6 7 9 10 | 10.9
Translocations | 1 2 |  2.0
Stealth        | 3 |  3.0
Conjurations   | 5 6 7 9 10 11 | 11.1
Dodging        | 3 4 5 |  5.0
Evocations     | 2 3 4 |  4.0
Fighting       | 2 3 |  3.0
Earth Magic    | 4 8 |  8.0

Action                   |  1- 3 |  4- 6 |  7- 9 | 10-12 || total
-------------------------+-------+-------+-------+-------++-------
Melee: Unarmed           |    10 |    52 |    30 |       ||    92
       Constrict         |     3 |    19 |    24 |     8 ||    54
       Tentacles         |     3 |    17 |    26 |    13 ||    59
       Punch             |       |     2 |       |     1 ||     3
       Spear             |       |       |    64 |    42 ||   106
 Fire: Triple crossbow   |       |       |       |    77 ||    77
Throw: Dart              |       |       |     7 |       ||     7
 Cast: Magic Dart        |    61 |    88 |   152 |    99 ||   400
       Iskenderun's Myst |       |     4 |    39 |    84 ||   127
       Olgreb's Toxic Ra |       |       |     1 |     1 ||     2
       Iron Shot         |       |       |       |    20 ||    20
Evoke: Wand              |       |     4 |     5 |    15 ||    24
  Use: Potion            |     1 |     1 |     1 |     3 ||     6
       Scroll            |       |     4 |     6 |     8 ||    18
 Stab: Sleeping          |       |     3 |     3 |       ||     6
       Invisible         |       |       |     1 |       ||     1
Armor: Skin              |     2 |    14 |    33 |     7 ||    56
Dodge: Dodged            |    10 |    32 |    75 |    68 ||   185
